Map: Lost and Found LE

Players

TRUE - Winner!

  • Race: Zerg Zerg
  • Spawn Location: 7:00

LiquidTLO (TLO)

  • Race: Zerg Zerg
  • Spawn Location: 1:00

Event: WCS Austin 2018

VOD

Have the link to the VOD?

Description

Time

  • Played on: June 1, 2018, 2:16 p.m.
  • Length: 8:49

All games in this series

Show
View Real Time Build Order
Export as new Build Order

TRUE Zerg - Winner!

Build Orders: Hatch First 

Get SALT Encoding   

  12  0:00  Drone  
  13  0:11  Overlord  
  13  0:16  Drone  
  14  0:30  Drone  
  14  0:31  Drone  
  16  0:37  Drone  
  17  0:50  Hatchery  
  17  0:54  Drone  
  17  1:08  Spawning Pool  
  17  1:09  Extractor  
  15  1:13  Drone  
  15  1:16  Drone  
  17  1:22  Drone  
  18  1:27  Drone  
  19  1:50  Overlord  
  19  1:54  Queen  
  21  2:02  Queen  
  21  2:04  Drone  
  24  2:09  Metabolic Boost  
  24  2:12  Drone x3  
  24  2:14  Drone  
  28  2:22  Drone  
  29  2:26  Drone  
  30  2:38  Hatchery  
  30  2:41  Zergling x2  
  30  2:47  Queen  
  33  2:51  Drone  
  33  2:56  Baneling Nest  
  32  2:59  Overlord  
  32  3:02  Drone  
  32  3:04  Drone  
  34  3:06  Drone  
  34  3:08  Drone  
  36  3:19  Drone x3, Zergling x2  
  41  3:20  Drone  
  41  3:22  Drone  
  41  3:25  Drone  
  43  3:30  Lair  
  43  3:33  Extractor  
  42  3:36  Drone x2  
  44  3:45  Roach Warren, Evolution Chamber  
  44  3:46  Drone  
  44  3:48  Drone  
  44  3:50  Drone  
  44  3:52  Drone  
  44  3:54  Drone x2  
  48  3:56  Drone  
  48  4:00  Drone  
  48  4:02  Overlord  
  50  4:06  Overlord  
  50  4:10  Extractor  
  50  4:13  Zerg Missile Weapons Level 1  
  50  4:15  Drone  
  50  4:18  Baneling x2  
  50  4:25  Roach x2  
  50  4:26  Roach  
  55  4:41  Glial Reconstitution  
  55  4:42  Drone x7  
  55  4:43  Drone x4  
  55  4:44  Overlord  
  66  4:48  Overlord  
  64  4:55  Overlord  
  64  4:57  Overlord  
  64  5:02  Extractor  
  64  5:03  Drone x4  
  64  5:04  Drone  
  64  5:05  Drone x2  
  70  5:07  Extractor  
  70  5:09  Drone  
  70  5:10  Drone  
  70  5:13  Drone x2  
  72  5:14  Drone  
  72  5:20  Extractor  
  72  5:21  Overseer  
  72  5:22  Drone x3  
  72  5:26  Roach x3  
  81  5:30  Ravager x3  
  84  5:36  Drone x3  
  84  5:37  Overlord, Roach  
  84  5:38  Overlord  
  84  5:41  Overlord  
  89  5:44  Overlord  
  89  5:45  Overlord  
  89  5:48  Overlord  
  89  5:55  Unknown  
  89  5:58  Drone  
  89  6:03  Ravager  
  91  6:07  Roach x5  
  91  6:08  Hatchery  
  91  6:10  Zerg Missile Weapons Level 2  
  100  6:12  Roach  
  100  6:15  Roach  
  100  6:16  Roach x3  
  112  6:18  Roach  
  112  6:27  Overlord  
  112  6:30  Ravager x4  
  112  6:31  Roach x5  
  112  6:32  Roach  
  128  6:34  Roach  
  128  6:38  Roach x2  
  128  6:39  Roach  
  136  6:42  Overlord  
  138  6:47  Roach x2  
  138  6:48  Roach  
  138  6:49  Roach  
  138  6:51  Overlord  
  144  6:57  Ravager  
  144  6:58  Overlord  
  147  7:01  Roach x3  
  147  7:02  Roach  
  153  7:08  Overlord  
  153  7:09  Roach x2  
  153  7:10  Roach x2  
  153  7:14  Overlord  
  161  7:16  Overlord  
  161  7:17  Roach  
  161  7:18  Roach  
  161  7:20  Roach  
  161  7:22  Roach  
  169  7:23  Roach  
  169  7:25  Roach  
  169  7:29  Ravager x4  
  177  7:30  Roach  
  177  7:31  Roach  
  177  7:34  Roach x2  
  185  7:37  Roach  
  185  7:38  Roach  
  185  7:39  Roach  
  185  7:43  Roach x2  
  197  7:44  Roach  
  197  7:46  Roach  
  197  7:51  Roach x2  
  194  8:29  Roach x2  
  194  8:30  Roach  
Show
View Real Time Build Order
Export as new Build Order

LiquidTLO Zerg 

Build Orders: Hatch First 

Get SALT Encoding   

  12  0:00  Drone  
  13  0:08  Drone  
  14  0:16  Overlord  
  14  0:35  Drone x2  
  16  0:47  Hatchery  
  15  0:51  Drone  
  15  0:54  Drone  
  17  1:08  Spawning Pool  
  17  1:11  Drone  
  17  1:14  Drone  
  17  1:16  Extractor  
  17  1:19  Drone  
  18  1:30  Drone  
  19  1:41  Overlord  
  19  1:53  Drone  
  20  1:55  Queen  
  20  1:59  Zergling x2, Queen  
  20  2:01  Drone  
  26  2:10  Drone  
  26  2:13  Drone  
  28  2:16  Metabolic Boost  
  28  2:21  Drone  
  30  2:22  Drone  
  30  2:35  Hatchery  
  29  2:44  Baneling Nest, Zergling x2  
  30  2:48  Overlord  
  30  2:50  Drone  
  30  2:57  Zergling x2  
  31  2:59  Drone  
  31  3:03  Drone  
  31  3:05  Overlord  
  33  3:09  Zergling x2  
  33  3:12  Drone  
  35  3:14  Queen  
  37  3:20  Overlord  
  37  3:21  Drone  
  37  3:23  Drone  
  37  3:25  Drone  
  40  3:28  Baneling x2  
  40  3:31  Drone x2  
  40  3:33  Drone  
  43  3:39  Drone, Zergling x2  
  43  3:41  Drone  
  45  3:44  Drone x2  
  47  3:50  Drone  
  47  3:53  Extractor x2, Drone  
  47  3:56  Drone  
  47  3:58  Drone  
  47  4:00  Queen  
  47  4:01  Drone  
  52  4:05  Drone  
  52  4:06  Evolution Chamber  
  52  4:09  Zergling x2  
  53  4:10  Drone  
  53  4:13  Overlord  
  53  4:14  Drone  
  55  4:20  Drone x2  
  55  4:23  Drone  
  58  4:28  Drone, Roach Warren  
  58  4:30  Drone x2  
  59  4:31  Drone  
  59  4:32  Drone  
  59  4:38  Lair  
  60  4:39  Drone  
  60  4:41  Drone  
  60  4:42  Drone  
  60  4:44  Drone  
  64  4:46  Overlord  
  63  4:53  Zerg Missile Weapons Level 1  
  63  4:54  Pneumatized Carapace  
  63  5:02  Overlord  
  63  5:05  Overlord  
  63  5:08  Roach x2  
  63  5:09  Roach  
  63  5:10  Roach  
  63  5:11  Drone x3  
  63  5:12  Drone x2  
  75  5:15  Roach  
  75  5:18  Drone x2  
  79  5:22  Extractor, Drone x3  
  79  5:23  Extractor, Drone  
  79  5:28  Overlord, Drone  
  82  5:29  Drone  
  83  5:36  Roach  
  83  5:37  Overseer  
  83  5:40  Glial Reconstitution  
  83  5:41  Roach  
  87  5:44  Overlord  
  87  5:45  Roach  
  89  5:52  Roach x2  
  89  5:54  Overlord  
  89  5:55  Unknown  
  93  5:58  Hydralisk Den  
  93  5:59  Extractor, Hatchery  
  93  6:00  Roach x2  
  93  6:03  Roach  
  96  6:05  Roach  
  96  6:06  Roach  
  96  6:07  Drone x2  
  96  6:08  Roach  
  96  6:11  Overlord  
  104  6:13  Overlord  
  106  6:18  Roach  
  106  6:21  Roach  
  106  6:22  Roach x2  
  106  6:23  Overlord  
  106  6:25  Roach  
  114  6:33  Muscular Augments, Hydralisk x2  
  114  6:36  Lurker Den, Hydralisk  
  119  6:41  Drone x2  
  119  6:42  Drone x2  
  119  6:44  Overlord  
  123  6:47  Drone  
  123  6:50  Drone  
  125  6:57  Hydralisk x2  
  125  6:59  Hydralisk x2  
  125  7:00  Hydralisk  
  135  7:07  Hydralisk  
  137  7:09  Overlord  
  137  7:13  Hydralisk  
  137  7:14  Drone  
  140  7:15  Extractor, Drone  
  140  7:17  Hydralisk  
  140  7:20  Overlord  
  140  7:22  Hydralisk  
  142  7:25  Overlord  
  142  7:28  Overlord  
  144  7:30  Overlord  
  144  7:35  Overlord  
  144  7:36  Overlord  
  144  7:40  Overlord  
  144  7:41  Overlord  
  144  7:42  Overlord  
  144  7:46  Roach  
  144  7:48  Roach  
  144  7:49  Roach x2  
  152  7:52  Roach  
  152  7:54  Roach  
  152  7:55  Ravager x5  
  152  7:56  Roach, Ravager  
  166  7:58  Roach  
  166  7:59  Drone  
  166  8:02  Roach  
  166  8:03  Roach  
  166  8:04  Roach  
  177  8:09  Roach  
  177  8:10  Hydralisk, Roach  
  180  8:13  Roach  
  180  8:15  Lurker  
  180  8:17  Roach  
  180  8:19  Roach  
  183  8:24  Roach  
  176  8:27  Roach  
Tags
 
Add a new tag
Caveats
  • Supply blocks, unpowered buildings, or Contaminate may cause inaccurate times.
  • Supply counts are checked every 10 seconds.